 Dungeon Crawl Stone Soup version 0.31.0-1-g2c135a0 (webtiles) character file.

Game seed: 8485555840415591583

4762 dalord0 the Grappler (level 10, 0/114 HPs)
             Began as a Gnoll Shapeshifter on Feb 5, 2024.
             Was an Initiate of Gozag.
             Killed from afar by an electric eel (8 damage)
             ... with a bolt of electricity
             ... on level 8 of the Dungeon.
             The game lasted 00:22:37 (10135 turns).

dalord0 the Grappler (Gnoll Shapeshifter)          Turns: 10135, Time: 00:22:37

Health: 0/114      AC:  3    Str: 17    XL:     10   Next: 47%
Magic:  18/18      EV: 19    Int: 11    God:    Gozag
Gold:   440        SH:  0    Dex: 13    Spells: 20/20 levels left

rFire   + .          .
                       - Unarmed
rCold   . . .        (shield currently unavailable)
rNeg    . . .        a - melded +0 animal skin
rPois   .            (no helmet)
rElec   .            z - +0 cloak
rCorr   +            u - +0 pair of gloves of Sunlight {Dex+2 Slay+3}
SInv    .            m - +0 pair of boots of the Clean Wumpus {rF+ Slay+2}
Will    .....        (no amulet) Stlth
                     w - +4 ring of slaying
HPRegen 0.39/turn    n - ring of resist corrosion
MPRegen 0.16/turn

%: no passive effects
@: berserking, flux-form, glowing, very quick
A: glow, contaminating, fangs 1, strong nose, distributed training
a: Begin Untransformation, Renounce Religion, Potion Petition, Call Merchant,
Bribe Branch


You were on level 8 of the Dungeon.
You worshipped Gozag.
Gozag was aware of your devotion.
You were something dangerously unstable.
You visited 1 branch of the dungeon, and saw 8 of its levels.

You collected 1655 gold pieces.
You spent 339 gold pieces at shops.
You paid 876 gold pieces to Gozag.

Inventory:

Armour
 a - a +0 animal skin (melded)
 f - a +0 pair of gloves
 m - the +0 pair of boots of the Clean Wumpus (worn) {rF+ Slay+2}
   (You found it on level 3 of the Dungeon)

   Slay+2:    It affects your accuracy & damage with ranged weapons and melee
   (+2).
   rF+:       It protects you from fire.
 u - the +0 pair of gloves of Sunlight (worn) {Dex+2 Slay+3}
   (You bought it in a shop on level 5 of the Dungeon)

   Dex+2:     It affects your dexterity (+2).
   Slay+3:    It affects your accuracy & damage with ranged weapons and melee
   (+3).
 z - a +0 cloak (worn)
Jewellery
 n - a ring of resist corrosion (right hand)
 w - a +4 ring of slaying (left hand)
Talismans
 c - a beast talisman
 d - a flux talisman (active)
Wands
 e - a wand of roots (3)
 k - a wand of acid (13)
 o - a wand of polymorph (6)
Scrolls
 g - 2 scrolls of identify
 j - a scroll of immolation {unknown}
 l - 3 scrolls of fog {unknown}
 p - 4 scrolls of teleportation {unknown}
 q - 3 scrolls of noise {unknown}
 r - 2 scrolls of vulnerability {unknown}
 v - a scroll of amnesia {unknown}
 y - a scroll of poison {unknown}
Potions
 b - a potion of berserk rage
 h - a potion of invisibility
 i - a potion of attraction
 s - 2 potions of degeneration
 t - 2 potions of ambrosia
 x - a potion of lignification


   Skills:
 + Level 6.1 Fighting
 + Level 5.5 Short Blades
 + Level 5.5 Long Blades
 + Level 5.5 Axes
 + Level 5.5 Maces & Flails
 + Level 5.5 Polearms
 + Level 5.5 Staves
 + Level 5.5 Ranged Weapons
 + Level 5.5 Throwing
 + Level 5.5 Armour
 + Level 7.2 Dodging
 + Level 5.5 Stealth
 + Level 5.5 Shields
 + Level 8.6 Unarmed Combat
 + Level 5.5 Spellcasting
 + Level 4.5 Conjurations
 + Level 4.5 Hexes
 + Level 4.5 Summonings
 + Level 4.5 Necromancy
 + Level 4.5 Translocations
 + Level 4.5 Fire Magic
 + Level 4.5 Ice Magic
 + Level 4.5 Air Magic
 + Level 4.5 Earth Magic
 + Level 4.5 Alchemy
 + Level 6.0 Invocations
 + Level 5.5 Evocations
 + Level 8.3 Shapeshifting


You had 20 spell levels left.
You didn't know any spells.
Your spell library contained the following spells:

 Spells                   Type           Power      Damage    Failure   Level
 Magic Dart               Conj           52%        1d5       3%          1
 Necrotise                Necr           52%        1d6       3%          1
 Shock                    Conj/Air       52%        1d6       3%          1
 Sting                    Conj/Alch      52%        1d6       3%          1
 Mercury Vapours          Alch/Air       26%        N/A       4%          2
 Searing Ray              Conj           26%        2d5       4%          2
 Dazzling Flash           Conj/Hex       26%        N/A       10%         3
 Mephitic Cloud           Conj/Alch/Air  13%        N/A       10%         3
 Swiftness                Air            13%        N/A       10%         3
 Vampiric Draining        Necr           13%        2d6       10%         3
 Airstrike                Air            6%         2d(1-17)  30%         4
 Fulminant Prism          Conj/Alch      6%         3d7       30%         4
 Manifold Assault         Tloc           13%        N/A       30%         4
 Martyr's Knell           Necr/Summ      13%        N/A       30%         4
 Olgreb's Toxic Radiance  Alch           13%        N/A       30%         4
 Curse of Agony           Necr           13%        N/A       65%         5
 Silence                  Hex/Air        6%         N/A       65%         5
 Dispersal                Tloc           6%         N/A       99%         6
 Disjunction              Tloc           6%         N/A       100%        8


Dungeon Overview and Level Annotations

Branches:
Dungeon (8/15)             Temple (0/1) D:7
   Lair: D:8-11

Altars:
Cheibriados
Fedhas
Gozag
Hepliaklqana
Makhleb
Nemelex Xobeh
Qazlal
Uskayaw
Xom

Shops:
D:5 [[

Annotations:
D:2 1 runed translucent door, Crazy Yiuf


Innate Abilities, Weirdness & Mutations

You are something dangerously unstable.
You glow with magical radiation, making you easy to see and hit.
Foes you strike become dangerously contaminated with magical radiation.
You are incapable of wielding weapons or throwing items.
You have very sharp teeth.
Your uncanny sense of smell can sniff out nearby items.
Your experience applies equally to all skills.


Message History

The bolt of electricity misses you.
You punch the electric eel!
The electric eel begins to glow.
The electric eel is heavily wounded.
The electric eel shoots out a bolt of lightning at you!
The bolt of electricity hits you!
You punch the electric eel!
The electric eel glows dangerously bright.
The electric eel is almost dead.
The electric eel shoots out a bolt of lightning at you!
The bolt of electricity hits you!
The electric eel shoots out a bolt of lightning at you!
The bolt of electricity hits you!
You are too injured to fight recklessly!
You are too injured to fight recklessly!
You completely miss the electric eel.
The electric eel is almost dead.
The electric eel shoots out a bolt of lightning at you!
The bolt of electricity hits you!
* * * LOW HITPOINT WARNING * * *
The electric eel shoots out a bolt of lightning at you!
The bolt of electricity misses you.
It was a potion of berserk rage.
A red film seems to cover your vision as you go berserk!
You feel yourself moving faster!
You feel mighty!
The electric eel shoots out a bolt of lightning at you!
The bolt of electricity misses you.
You barely miss the electric eel.
The electric eel is almost dead.
You enter the shallow water.
Moving in this stuff is going to be slow.
The electric eel shoots out a bolt of lightning at you!
The bolt of electricity hits the electric eel.
The electric eel completely resists.
The bolt of electricity hits you!
* * * LOW HITPOINT WARNING * * *
You closely miss the electric eel.
The electric eel is almost dead.
The electric eel shoots out a bolt of lightning at you!
The bolt of electricity hits you!
You die...
Your body crumbles into a pile of gold.

.....~≈≈....#
#........#
~..~.~≈~....#
#........#
.....~~~....
##.####.##
.~..~≈~.... #.#
#.# ≈.~~.~~≈~...#
###.####.##
.~≈~.~≈≈~~..#
##..........
~≈≈~.~~≈~~..#
#..##.###.##
.≈≈S.~.≈S~≈.#
#.###.# #...
~~~~.~.~~.p.# #.#
#.# #...
..~~.~.~....####.#
.## #...
............#....#
# #...
......$.....#.####
#...
########..$!..#
#... ######## ∆
#... #... #...
##..


You could see 2 electric eels.

Vanquished Creatures
  Pikel (D:6)
  A troll (D:8)
  A hornet (D:6)
  Sigmund (D:2)
  Eustachio (D:5)
  A fire bat (D:8)
  2 water moccasins
  An orc warrior (D:5)
  2 black bears
  3 wolves (D:8)
  A sky beast (D:8)
  An ogre (D:6)
  A lemure (D:6)
  A phantom (D:6)
  2 kobold brigands
  2 bullfrogs (D:7)
  A scorpion (D:6)
  6 wights (D:8)
  A wyvern zombie (D:8)
  8 killer bees
  2 howler monkeys (D:8)
  2 bombardier beetles
  8 hounds
  9 centaur zombies (D:8)
  3 orc priests
  A jelly (D:4)
  Jessica (D:2)
  2 sleepcaps
  A gnoll bouda (D:8)
  An iguana (D:4)
  8 orc wizards
  Natasha (thrice) (D:2)
  A killer bee zombie (D:8)
  4 gnolls (D:8)
  5 adders
  2 shadow imps
  3 white imps
  2 ufetubi
  3 ribbon worms
  23 orcs
  4 endoplasms
  2 giant cockroaches (D:5)
  7 hobgoblins
  4 jackals (D:2)
  11 kobolds
  5 quokkas
  4 ball pythons
  4 bats
  2 frilled lizards
  7 goblins
  5 rats
177 creatures vanquished.

Notes
Turn   | Place    | Note
-------+----------+-------------------------------------------
     0 | D:1      | dalord0 the Gnoll Shapeshifter began the quest for the Orb.
     0 | D:1      | Reached XP level 1. HP: 17/17 MP: 1/1
   229 | D:1      | Reached XP level 2. HP: 14/23 MP: 2/2
   355 | D:1      | Found a faded altar of an unknown god.
   836 | D:2      | Noticed Natasha
   944 | D:2      | Killed Natasha
   945 | D:2      | Reached skill level 1 in Invocations
   945 | D:2      | Reached XP level 3. HP: 25/28 MP: 2/4
  1012 | D:2      | Noticed Jessica
  1020 | D:2      | Noticed Natasha
  1027 | D:2      | Killed Natasha
  1028 | D:2      | Reached skill level 1 in Short Blades
  1028 | D:2      | Reached skill level 1 in Long Blades
  1028 | D:2      | Reached skill level 1 in Axes
  1028 | D:2      | Reached skill level 1 in Maces & Flails
  1028 | D:2      | Reached skill level 1 in Polearms
  1028 | D:2      | Reached skill level 1 in Staves
  1028 | D:2      | Reached skill level 1 in Ranged Weapons
  1028 | D:2      | Reached skill level 1 in Throwing
  1028 | D:2      | Reached skill level 1 in Armour
  1028 | D:2      | Reached skill level 1 in Stealth
  1028 | D:2      | Reached skill level 1 in Shields
  1028 | D:2      | Reached skill level 1 in Spellcasting
  1028 | D:2      | Reached skill level 1 in Evocations
  1028 | D:2      | Reached XP level 4. HP: 15/34 MP: 5/5
  1039 | D:2      | Killed Jessica
  1040 | D:2      | Reached skill level 1 in Conjurations
  1040 | D:2      | Reached skill level 1 in Hexes
  1040 | D:2      | Reached skill level 1 in Summonings
  1040 | D:2      | Reached skill level 1 in Necromancy
  1040 | D:2      | Reached skill level 1 in Translocations
  1040 | D:2      | Reached skill level 1 in Fire Magic
  1040 | D:2      | Reached skill level 1 in Ice Magic
  1040 | D:2      | Reached skill level 1 in Air Magic
  1040 | D:2      | Reached skill level 1 in Earth Magic
  1040 | D:2      | Reached skill level 1 in Alchemy
  1141 | D:2      | Noticed Natasha
  1148 | D:2      | Killed Natasha
  1149 | D:2      | Reached XP level 5. HP: 31/40 MP: 5/7
  1360 | D:2      | Noticed Sigmund
  1430 | D:2      | HP: 2/40 [something (4)]
  1436 | D:2      | HP: 2/40 [something (2)]
  1437 | D:2      | Killed Sigmund
  1438 | D:2      | Reached skill level 5 in Dodging
  1438 | D:2      | Reached XP level 6. HP: 2/47 MP: 7/9
  1670 | D:2      | Found a runed translucent door.
  1671 | D:2      | Noticed Crazy Yiuf
  1952 | D:3      | Identified the +0 pair of boots of the Clean Wumpus {rF+
                  | Slay+2}
  2787 | D:4      | Found an opulent altar of Gozag.
  2791 | D:4      | Became a worshipper of Gozag Ym Sagoz the Greedy
  2795 | D:4      | Found a sparkling altar of Nemelex Xobeh.
  2798 | D:4      | Found a stormy altar of Qazlal.
  2965 | D:4      | Found a snail-covered altar of Cheibriados.
  3501 | D:5      | Entered Level 5 of the Dungeon
  3501 | D:5      | Noticed a black bear
  3503 | D:5      | Reached XP level 7. HP: 52/52 MP: 10/10
  4567 | D:5      | Reached XP level 8. HP: 14/60 MP: 12/12
  4777 | D:5      | Found a blossoming altar of Fedhas.
  4778 | D:5      | Found a hide-covered altar of Uskayaw.
  5128 | D:5      | Found a hazy altar of Hepliaklqana.
  5178 | D:5      | Noticed Eustachio
  5180 | D:5      | Found Urafuf's Antique Armour Shop.
  5193 | D:5      | Killed Eustachio
  5718 | D:5      | Identified a scroll of acquirement
  5718 | D:5      | Acquired 372 gold pieces
  5806 | D:6      | Noticed Pikel
  5825 | D:6      | Killed Pikel
  6191 | D:6      | Reached XP level 9. HP: 49/66 MP: 14/14
  6301 | D:6      | Found a burning altar of Makhleb.
  6767 | D:7      | Noticed a hornet
  6777 | D:6      | Killed a hornet
  6778 | D:6      | Reached skill level 5 in Fighting
  7596 | D:7      | Reached skill level 5 in Invocations
  8120 | D:5      | Bought the +0 pair of gloves of Sunlight {Dex+2 Slay+3} for
                  | 339 gold pieces
  8651 | D:7      | Found a staircase to the Ecumenical Temple.
  9277 | D:8      | Reached skill level 5 in Short Blades
  9277 | D:8      | Reached skill level 5 in Long Blades
  9277 | D:8      | Reached skill level 5 in Axes
  9277 | D:8      | Reached skill level 5 in Maces & Flails
  9277 | D:8      | Reached skill level 5 in Polearms
  9277 | D:8      | Reached skill level 5 in Staves
  9277 | D:8      | Reached skill level 5 in Ranged Weapons
  9277 | D:8      | Reached skill level 5 in Throwing
  9277 | D:8      | Reached skill level 5 in Armour
  9277 | D:8      | Reached skill level 5 in Stealth
  9277 | D:8      | Reached skill level 5 in Shields
  9277 | D:8      | Reached skill level 5 in Spellcasting
  9277 | D:8      | Reached skill level 5 in Evocations
  9277 | D:8      | Reached XP level 10. HP: 72/75 MP: 17/17
  9802 | D:8      | Found a shimmering altar of Xom.
 10135 | D:8      | Killed from afar by an electric eel

Illustrated notes

Levels and vault maps discovered:
D:1:      minmay_arrival_five_plusses, layout_basic,
          shapermc_ecumenical_altar_totnotflames, roderic_roman_lattice
D:2:      layout_rooms, uniq_jessica, uniq_natasha, uniq_crazy_yiuf_cottage,
          uniq_sigmund
D:3:      layout_loops_cross
D:4:      minmay_thick_lines, layout_gridville, grunt_temple_overflow_diamond,
          cheibriados_altar_1, kennysheep_crisscross
D:5:      layout_rooms, worldfamousw_hep_ancestral_shrine,
          mainiacjoe_overflow_divided_tiny, serial_shops,
          nicolae_shop_just_a_little_nook, gup_sewer_entry_bowl,
          supply_closet_lemuel, uniq_eustachio
D:6:      layout_layer_cave, mainiacjoe_overflow_tiny_flanked,
          minmay_fountain_box, nicolae_eternal_life, uniq_pikel
D:7:      layout_basic, minmay_temple_entry_enclosed_plants, enter_bailey_2
D:8:      layout_basic, regret_index_xom_of_box, marbit_many_paths,
          erik_lair_island, serial_undead, serial_undead_a, serial_undead_f,
          serial_undead_e, serial_undead_b

Skill      XL: |  1  2  3  4  5  6  7  8  9 10 |
---------------+-------------------------------+-----
Invocations    | 1 2 3 4 5 6 |  6.0
Short Blades   | 1 2 3 5 |  5.5
Long Blades    | 1 2 3 5 |  5.5
Axes           | 1 2 3 5 |  5.5
Maces & Flails | 1 2 3 5 |  5.5
Polearms       | 1 2 3 5 |  5.5
Staves         | 1 2 3 5 |  5.5
Ranged Weapons | 1 2 3 5 |  5.5
Throwing       | 1 2 3 5 |  5.5
Armour         | 1 2 3 5 |  5.5
Stealth        | 1 2 3 5 |  5.5
Shields        | 1 2 3 5 |  5.5
Spellcasting   | 1 2 3 5 |  5.5
Evocations     | 1 2 3 5 |  5.5
Conjurations   | 1 2 3 4 |  4.5
Hexes          | 1 2 3 4 |  4.5
Summonings     | 1 2 3 4 |  4.5
Necromancy     | 1 2 3 4 |  4.5
Translocations | 1 2 3 4 |  4.5
Fire Magic     | 1 2 3 4 |  4.5
Ice Magic      | 1 2 3 4 |  4.5
Air Magic      | 1 2 3 4 |  4.5
Earth Magic    | 1 2 3 4 |  4.5
Alchemy        | 1 2 3 4 |  4.5
Fighting       | 3 4 5 6 |  6.1
Dodging        | 5 6 7 |  7.2
Unarmed Combat | 7 8 |  8.6
Shapeshifting  | 7 8 |  8.3

Action                     |  1- 3 |  4- 6 |  7- 9 | 10-12 || total
---------------------------+-------+-------+-------+-------++-------
  Melee: Unarmed           |    44 |    90 |   337 |   127 ||   598
         Bite              |     4 |     5 |    34 |    11 ||    54
         Punch             |       |     5 |     3 |       ||     8
 Invoke: Call Merchant     |       |       |     1 |       ||     1
    Use: Potion            |       |     6 |     7 |     1 ||    14
         Scroll            |       |       |     4 |       ||     4
   Stab: Sleeping          |       |     3 |       |       ||     3
         Distracted        |       |       |     2 |     1 ||     3
 Armour: Animal skin       |    27 |    48 |    55 |       ||   130
         Skin              |       |    21 |   135 |    62 ||   218
  Dodge: Dodged            |    27 |    41 |   296 |   123 ||   487
   Form: Flux              |       |       |     1 |       ||     1
